 Dungeon Crawl Stone Soup version 0.30.1-9-gdf580d7c3d (webtiles) character file.

Game seed: 12993486039778696484

109 SuperSeabass the Cutter (level 4, 0/24 HPs)
             Began as a Vine Stalker Cinder Acolyte on Oct 6, 2023.
             Was a High Priest of Ignis.
             Slain by an iguana (13 damage)
             ... on level 3 of the Dungeon.
             The game lasted 00:10:24 (2884 turns).

SuperSeabass the Cutter (VSCA)                      Turns: 2884, Time: 00:10:24

Health: 0/24       AC:  2    Str: 18    XL:     4   Next: 89%
Magic:  0/6        EV: 11    Int: 14    God:    Ignis [*****.]
Gold:   204        SH:  0    Dex: 16    Spells: 3/5 levels left

rFire   + . .        a - +0 dagger
rCold   . . .        (no shield)
rNeg    . . .        c - +0 robe
rPois   .            (no helmet)
rElec   .            (no cloak)
rCorr   .            (no gloves)
SInv    .            (no boots)
Will    +....        (no amulet)
Stlth   ++           W - ring of willpower
HPRegen 1.04/turn    D - +6 ring of dexterity
MPRegen 0.10/turn

%: guardian spirit
@: no status effects
A: fangs 2, regeneration 1, magic shield, antimagic bite, no potion heal 2
a: Renounce Religion, Fiery Armour, Foxfire Swarm, Rising Flame


You were on level 3 of the Dungeon.
You worshipped Ignis.
Ignis was extremely pleased with you.
You visited 1 branch of the dungeon, and saw 3 of its levels.

You collected 204 gold pieces.

Inventory:

Hand Weapons
 a - a +0 dagger (weapon)
 b - a +0 sling of draining
 m - a -1 short sword of flaming
Missiles
 e - 5 poisoned darts
 q - 6 atropa-tipped darts
 J - 4 javelins
Armour
 c - a +0 robe (worn)
 f - a +0 ring mail
Jewellery
 D - a +6 ring of dexterity (right hand)
 W - a ring of willpower (left hand)
Scrolls
 i - a scroll of identify {unknown}
 j - a scroll of summoning {unknown}
 l - 3 scrolls of teleportation {unknown}
 n - 2 scrolls of vulnerability {unknown}
 o - a scroll of immolation
 p - a scroll of poison {unknown}
 r - a scroll of fog {unknown}
 s - a scroll of fear {unknown}
Potions
 d - 2 potions of brilliance {unknown}
 g - a potion of curing {unknown}
 h - a potion of invisibility {unknown}
 k - 2 potions of berserk rage {unknown}


   Skills:
 + Level 3.3 Fighting
 * Level 4.0 Short Blades
 + Level 2.5 Stealth
 - Level 1.1 Spellcasting
 - Level 3.0 Fire Magic


You had 3 spell levels left.
You knew the following spells:

 Your Spells              Type           Power      Damage    Failure   Level
a - Scorch                Fire           18%        2d6       12%         2

Your spell library contained the following spells:

 Spells                   Type           Power      Damage    Failure   Level


Dungeon Overview and Level Annotations

Branches:
Dungeon (3/15)

Altars:
Hepliaklqana

Annotations:
D:3 3 runed translucent doors, Ijyb; js3's ghost, amateur DECj


Innate Abilities, Weirdness & Mutations

You have extremely sharp teeth.
Your natural rate of healing is unusually fast.
When hurt, damage is shared between your health and your magic reserves.
Your bite disrupts and absorbs the magic of your enemies.
Potions cannot restore your health.


Message History

You shoot a sling bullet.
The sling bullet barely misses the iguana.
You shoot a sling bullet.
The sling bullet barely misses the iguana.
a - a +0 dagger (weapon)
Casting: Scorch (safe; 12% risk of failure)
Confirm with . or Enter, or press ? or * to list all spells.
You don't know that spell.
Unknown command.
Casting: Scorch (safe; 12% risk of failure)
Press: ? - help, Q - select action, (/) - cycle Dir - look around, f - activate Flames lash the iguana.
The iguana is moderately wounded.
The iguana's fire resistance burns away.
The iguana barely misses you.
You closely miss the iguana.
The iguana is moderately wounded.
The iguana bites you.
You hit the iguana but do no damage.
The iguana is moderately wounded.
The iguana misses you.
You closely miss the iguana. You bite the iguana. You drain its power.
You feel invigorated.
The iguana is heavily wounded.
The iguana bites you.
You hit the iguana but do no damage.
The iguana is heavily wounded.
You hit the iguana but do no damage.
The iguana is heavily wounded.
The iguana is no longer more vulnerable to fire.
The iguana bites you!
Casting: Scorch (safe; 12% risk of failure)
Press: ? - help, Q - select action, (/) - cycle Dir - look around, f - activate Flames lash the iguana.
The iguana is heavily wounded.
The iguana's fire resistance burns away.
* * * LOW MAGIC WARNING * * *
The iguana bites you!
Ouch! That really hurt!
You die...

##########
##.@l......
#..########
##..# #..##
#.## #.#
#.# ######
#.#
#.[.#.....
#.#
#...######


You could see an iguana (combustible).

Vanquished Creatures
  3 gnolls (D:3)
  3 worms (D:2)
  A dart slug (D:2)
  6 ball pythons
  7 bats
  10 endoplasms
  2 giant cockroaches
  7 goblins
  8 hobgoblins
  2 jackals (D:2)
  4 kobolds
  A quokka (D:2)
  7 frilled lizards
  2 rats
63 creatures vanquished.

Notes
Turn   | Place    | Note
-------+----------+-------------------------------------------
     0 | D:1      | SuperSeabass the Vine Stalker Cinder Acolyte began the
                  | quest for the Orb.
     0 | D:1      | Reached XP level 1. HP: 11/11 MP: 3/3
   125 | D:1      | Reached XP level 2. HP: 12/16 MP: 2/4
   143 | D:1      | Reached skill level 3 in Short Blades
   143 | D:1      | Reached skill level 1 in Stealth
   161 | D:1      | Learned a level 2 spell: Scorch
   526 | D:1      | Reached XP level 3. HP: 20/20 MP: 5/5
  1312 | D:2      | Found a faded altar of an unknown god.
  1473 | D:2      | Gained mutation: Your natural rate of healing is unusually
                  | fast. [Vine Stalker growth]
  1473 | D:2      | Reached XP level 4. HP: 24/24 MP: 6/6
  1842 | D:3      | Found a hazy altar of Hepliaklqana.
  2025 | D:3      | Noticed Ijyb
  2119 | D:3      | Found a runed translucent gate.
  2119 | D:3      | Found a runed translucent gate.
  2119 | D:3      | Found a runed translucent gate.
  2120 | D:3      | Noticed js3's ghost (amateur DECj)
  2126 | D:3      | Identified the +0 robe of Ankuwec {-Cast Harm rElec Str+4}
  2712 | D:3      | Reached skill level 4 in Short Blades
  2884 | D:3      | Slain by an iguana

Illustrated notes

Levels and vault maps discovered:
D:1:      minmay_arrival_diagonal_passages, layout_basic, minmay_surrounded
D:2:      layout_rooms, shapermc_ecumenical_altar_starsandcircs
D:3:      layout_basic, nicolae_overflow_crystal_walls,
          ebering_ghost_rock_garden, serial_co_window_serial,
          co_window_corner_a, co_window_corner_a, co_window_paths_a,
          co_window_corner_a, co_window_paths_a, co_window_corner_a,
          co_window_paths_a, co_window_of_opportunity_a, co_window_paths_b,
          co_window_2corner, co_window_paths_c, co_window_broadway_a,
          co_window_broadway_a, co_window_4corner_b, glass_columns_a,
          glass_columns_a, glass_columns_b, glass_columns_a, bh_walls_and_bars,
          uniq_ijyb

Skill      XL: |  1  2  3  4 |
---------------+-------------+-----
Short Blades   | 3 4 |  4.0
Stealth        | 1 2 |  2.5
Fighting       | 3 |  3.3
Spellcasting   | |  1.1
Fire Magic     | |  3.0

Action                     |  1- 3 |  4- 6 || total
---------------------------+-------+-------++-------
  Melee: Dagger            |   128 |    32 ||   160
         Bite              |    37 |     9 ||    46
         Short sword       |    11 |     2 ||    13
   Fire: Sling             |       |    13 ||    13
   Cast: Scorch            |    17 |    11 ||    28
    Use: Scroll            |       |     1 ||     1
   Stab: Sleeping          |     3 |     2 ||     5
 Armour: Robe              |    17 |     4 ||    21
  Dodge: Dodged            |    62 |    18 ||    80
